 Dungeon Crawl Stone Soup version 0.29-a0-613-gf2c431b9b9 (webtiles) character file.

Game seed: 9920605370773930976

15633 zishaf the Fighter (level 12, -10/113 HPs)
             Began as a Ghoul Warper on June 16, 2022.
             Was a Follower of Yredelemnul.
             Mangled by a swamp worm (14 damage)
             ... on level 11 of the Dungeon.
             The game lasted 00:22:59 (12993 turns).

zishaf the Fighter (Ghoul Warper)                  Turns: 12993, Time: 00:23:00

Health: -10/113    AC: 15    Str: 27    XL:     12   Next: 29%
Magic:  20/20      EV: 11    Int: 13    God:    Yredelemnul [*.....]
Gold:   255        SH:  0    Dex: 12    Spells: 9/15 levels left

rFire   + + +      SeeInvis +   v - +6 trident "Wisurar" {vorpal, *Rage rF++ Int+2 Dex+2}
rCold   + + .      Faith    +   (no shield)
rNeg    + + +      Spirit   .   r - +4 ring mail "Trusted Companion" {rC+ Str+3}
rPois   ∞          Reflect  .   G - +2 helmet {SInv}
rElec   .          Harm     .   (no cloak)
rCorr   .          Rampage  .   F - +1 pair of gloves of Isusmidghi {+Inv Str+4 Int-3 Dex+2}
Will    .....                   O - +0 pair of boots {Fly}
Stlth   +.........              H - amulet "Ocaucaf" {Faith Str+4 Int+2}
HPRegen 0.00/turn               k - +4 ring of slaying
MPRegen 0.17/turn               q - ring of protection from fire

@: flying, inhibited regen, studying Shields
A: claws 1, cold resistance 1, negative energy resistance 3, inhibited
regeneration, torment resistance 2, devour on kill
a: Renounce Religion, Evoke Invisibility, Recall Undead Harvest


You were on level 11 of the Dungeon.
You worshipped Yredelemnul.
Yredelemnul was pleased with you.
You visited 1 branch of the dungeon, and saw 11 of its levels.
You also visited: Bailey and Ice Cave.

You collected 754 gold pieces.
You spent 499 gold pieces at shops.

Inventory:

Hand Weapons
 v - the +6 trident "Wisurar" (weapon) {vorpal, *Rage rF++ Int+2 Dex+2}
   (You found it on level 5 of the Dungeon)

   It inflicts extra damage upon your enemies.
   Int:       It affects your intelligence (+2).
   Dex:       It affects your dexterity (+2).
   rF:        It greatly protects you from fire.
   *Rage:     It berserks you when you make melee attacks (+20% chance).
 w - the +10 long sword of Bloody Death {protect, Will+}
   (You found it in a bailey)

   It grants its wielder temporary protection when it strikes (+7 to AC).
   Will:      It increases your willpower.
Missiles
 c - 7 boomerangs of dispersal
 y - 9 boomerangs (quivered)
 J - 3 throwing nets
Armour
 a - a +0 leather armour
 r - the +4 ring mail "Trusted Companion" (worn) {rC+ Str+3}
   (You found it on level 4 of the Dungeon)

   Str:       It affects your strength (+3).
   rC:        It protects you from cold.
 E - a +0 pair of boots
 F - the +1 pair of gloves of Isusmidghi (worn) {+Inv Str+4 Int-3 Dex+2}
   (You found it in a bailey)

   Str:       It affects your strength (+4).
   Int:       It affects your intelligence (-3).
   Dex:       It affects your dexterity (+2).
   +Inv:      It lets you turn invisible.
 G - a +2 helmet of see invisible (worn)
 O - a +0 pair of boots of flying (worn)
Jewellery
 j - an amulet of magic regeneration
 k - a +4 ring of slaying (left hand)
 o - a ring of resist corrosion
 q - a ring of protection from fire (right hand)
 t - an amulet of reflection
 H - the amulet "Ocaucaf" (around neck) {Faith Str+4 Int+2}
   (You found it on level 7 of the Dungeon)

   [amulet of faith]

   It allows you to gain divine favour quickly.
   Str:       It affects your strength (+4).
   Int:       It affects your intelligence (+2).
 K - a ring of flight
Wands
 m - a wand of digging (7)
 p - a wand of flame (5)
 B - a wand of paralysis (7)
 P - a wand of iceblast (10)
 R - a wand of mindburst (5)
Scrolls
 b - a scroll of blinking
 d - a scroll of immolation
 e - 9 scrolls of teleportation
 f - a scroll of brand weapon
 l - 2 scrolls of vulnerability
 u - 4 scrolls of fear
 D - 4 scrolls of enchant weapon
Potions
 g - 4 potions of curing
 h - a potion of flight
 i - a potion of might
 n - 4 potions of attraction
 s - 3 potions of cancellation
 x - a potion of degeneration {unknown}
 z - 3 potions of magic
 C - a potion of resistance
 I - 2 potions of haste
 L - a potion of ambrosia
 Q - a potion of heal wounds


   Skills:
 + Level 12.7 Fighting
 - Level 6.0 Polearms
 - Level 1.0 Throwing
 - Level 1.0 Armour
 - Level 2.0 Dodging
 - Level 5.0 Unarmed Combat
 - Level 2.0 Spellcasting
 + Level 7.8 Translocations
 + Level 12.4 Invocations


You had 9 spell levels left.
You knew the following spells:

 Your Spells              Type           Power      Damage    Failure   Level
a - Blink                 Tloc           42%        N/A       2%          2
b - Passage of Golubria   Tloc           21%        N/A       14%         4

Your spell library contained the following spells:

 Spells                   Type           Power      Damage    Failure   Level
 Gell's Gravitas          Tloc           21%        N/A       4%          3
 Lesser Beckoning         Tloc           21%        N/A       4%          3
 Teleport Other           Tloc           21%        N/A       4%          3
 Summon Small Mammal      Summ           4%         N/A       36%         1
 Manifold Assault         Tloc           21%        N/A       38%         5
 Ensorcelled Hibernation  Hex/Ice        2%         N/A       50%         2
 Passwall                 Tmut/Erth      0%         N/A       50%         2
 Scorch                   Fire           2%         2d5       50%         2
 Static Discharge         Conj/Air       1%         N/A       50%         2
 Call Canine Familiar     Summ           1%         N/A       73%         3
 Summon Guardian Golem    Hex/Summ       1%         N/A       73%         3
 Swiftness                Air            1%         N/A       73%         3
 Tukima's Dance           Hex            1%         N/A       73%         3
 Flame Wave               Conj/Fire      1%         2d4       98%         4
 Lightning Bolt           Conj/Air       0%         1d11      100%        5
 Yara's Violent Unravell  Hex/Tmut       0%         3d3       100%        5
 Summon Cactus Giant      Summ           0%         N/A       100%        6
 Summon Hydra             Summ           0%         N/A       100%        7
 Maxwell's Capacitive Co  Air            0%         ∞         100%        8
 Sublimation of Blood     Necr           Unusable   N/A       N/A         2
 Wereblood                Tmut           Unusable   N/A       N/A         2

Dungeon Overview and Level Annotations

Branches:
Dungeon (11/15)            Temple (0/1) D:6            Lair (0/6) D:10
    Orc (0/2) D:10         Bailey (visited)           IceCv (visited)

Altars:
Ashenzari
Dithmenos
Okawaru
Uskayaw
Wu Jian
Yredelemnul
Zin
Beogh

Shops:
D:4 (   D:7 [   D:9 *![[   D:10 !

Annotations:
D:5 5 runed translucent doors


Innate Abilities, Weirdness & Mutations

You are immune to poison.
You have sharp fingernails.
Your flesh is cold resistant. (rC+)
You are immune to negative energy. (rN+++)
You do not regenerate when monsters are visible.
You are immune to unholy pain and torment.
You thrive by killing the living.


Message History

Your centaur zombie barely misses the tyrant leech.
The tyrant leech bites your centaur zombie!!
Your centaur zombie is destroyed!
Your centaur zombie closely misses the swamp worm. x2
The swamp worm bites your centaur zombie!!
Your centaur zombie is destroyed!
Unknown command.
Reach: v) +6 trident "Wisurar" {vorpal, *Rage rF++ Int+2 Dex+2}
Press: ? - help, Dir - move target, f/p - tyrant leech
Aim: a tyrant leech (almost dead, about 38% to evade the +6 trident "Wisurar")
You reach to attack!
You miss the tyrant leech.
The tyrant leech is almost dead.
A swamp worm comes into view.
You closely miss the tyrant leech.
The tyrant leech is almost dead.
The tyrant leech bites you!!
* * * LOW HITPOINT WARNING * * *
Unknown command.
You barely miss the tyrant leech.
The tyrant leech is almost dead.
The tyrant leech bites you!
* * * LOW HITPOINT WARNING * * *
Unknown command.
You barely miss the tyrant leech.
The tyrant leech is almost dead.
The swamp worm barely misses you. The tyrant leech bites you!!
* * * LOW HITPOINT WARNING * * *
Unknown command.
You puncture the tyrant leech!
You kill the tyrant leech!
You feel better.
The dead are slithering!
The swamp worm barely misses you. x2
You puncture the swamp worm!
The swamp worm is moderately wounded.
The swamp worm closely misses you. The swamp worm bites you!
* * * LOW HITPOINT WARNING * * *
You closely miss the swamp worm.
The swamp worm is moderately wounded.
The swamp worm bites you!
You die...
Yredelemnul claims you as an undead slave.

###......#≈##
#.. .
#...#..≈#≈####.#
#
#..≈#[..≈#..##.#
#
#..≈#.....≈....#
#..≈#......###.#
#..≈#####.^#
#.###
#.#≈≈≈≈≈..##
#.).#
.<.#......#
#)#.##.#
#.##.#.#
#@wZ≈≈≈# # #...#
#≈w≈≈≈≈≈# ###.#
≈≈≈###≈≈≈≈ ...
≈≈### ##≈≈
#..≈≈≈ ≈ .≈≈≈
##≈≈P #≈≈≈


You could see 2 swamp worms and a friendly tyrant leech zombie.

Vanquished Creatures
  Josephine (D:10)
  Harold (D:11)
  An orc knight (Bailey)
  An orc sorcerer (Bailey)
  A cyclops (D:11)
  A gargoyle (D:11)
  2 ice statues (IceCv)
  A kobold demonologist (Bailey)
  2 rime drakes (D:11)
  3 ice devils (IceCv)
  3 trolls
  A tyrant leech (D:11)
  A wyvern (D:9)
  6 wraiths (D:10)
  3 yaks (D:10)
  A steam dragon (D:6)
  An acid dragon (D:9)
  An ice beast (D:5)
  2 black bears
  16 orc warriors
  An ogre (D:7)
  A sky beast (D:8)
  3 wolves (D:11)
  9 centaurs
  2 kobold brigands
  2 necrophages
  6 bullfrogs
  2 scorpions
  2 cane toad simulacra (IceCv)
  3 two-headed ogre simulacra (IceCv)
  4 wights (D:7)
  4 killer bees (D:7)
  2 electric eels (Bailey)
  4 hounds
  6 orc priests
  2 iguanas
  A jelly (D:7)
  9 orc wizards
  2 spriggan simulacra (IceCv)
  4 troll simulacra (IceCv)
  A polar bear simulacrum (IceCv)
  A wolf simulacrum (IceCv)
  9 gnolls
  A naga simulacrum (IceCv)
  6 adders
  2 white imps
  An ufetubus (D:5)
  2 worms
  22 orcs
  3 endoplasms
  2 giant cockroaches
  15 goblins
  12 hobgoblins
  5 jackals (D:2)
  3 quokkas
  3 ball pythons
  5 bats
  3 frilled lizards
  9 kobolds
  5 rats
228 creatures vanquished.

Vanquished Creatures (collateral kills)
  Gastronok (D:8)
  A two-headed ogre (D:10)
  A deep elf pyromancer (D:9)
  A troll (D:9)
  A shadow (D:9)
  Grum (D:11)
  A wolf (D:11)
  A bullfrog (D:9)
  A howler monkey (D:5)
  An iguana (D:5)
  Ijyb (D:3)
  2 adders
  A shadow imp (D:5)
  A worm (D:3)
  A dart slug (D:4)
  9 orcs
  A ball python (D:2)
  3 goblins
  2 hobgoblins (D:3)
  A jackal (D:2)
  A quokka (D:4)
  2 kobolds (D:9)
  A rat (D:2)
36 creatures vanquished.

Vanquished Creatures (others)
  2 spectral ice devils (IceCv)
  A two-headed ogre zombie (D:10)
  A human zombie (D:11)
  A cyclops zombie (D:11)
  A wyvern zombie (D:9)
  A troll zombie (D:9)
  A yak zombie (D:10)
  3 wolf zombies (D:11)
  2 bullfrog zombies
  4 centaur zombies
  A hound zombie (D:7)
  An adder zombie (D:3)
  23 orc zombies
  A worm zombie (D:5)
  2 bat zombies
  2 gnoll zombies
  A ball python zombie (D:3)
  An endoplasm zombie (D:3)
  2 frilled lizard zombies
  A giant cockroach zombie (D:4)
  6 goblin zombies
  3 hobgoblin zombies
  4 kobold zombies
  2 quokka zombies
  3 rat zombies
  3 plants (D:11)
73 creatures vanquished.

Grand Total: 337 creatures vanquished

Notes
Turn   | Place    | Note
-------+----------+-------------------------------------------
     0 | D:1      | zishaf the Ghoul Warper began the quest for the Orb.
     0 | D:1      | Reached XP level 1. HP: 17/17 MP: 2/2
   119 | D:1      | Reached skill level 1 in Throwing
   338 | D:1      | Reached skill level 1 in Armour
   360 | D:1      | Reached XP level 2. HP: 24/24 MP: 3/3
   441 | D:1      | Found a faded altar of an unknown god.
   833 | D:2      | Found a basalt altar of Yredelemnul.
   877 | D:2      | Became a worshipper of Yredelemnul the Dark
  1119 | D:2      | Reached XP level 3. HP: 26/30 MP: 3/5
  1186 | D:2      | Reached * piety under Yredelemnul
  1223 | D:2      | Reached skill level 1 in Invocations
  1412 | D:2      | Learned a level 2 spell: Blink
  1608 | D:2      | Reached XP level 4. HP: 33/37 MP: 6/6
  2551 | D:3      | Reached ** piety under Yredelemnul
  2808 | D:3      | Noticed Ijyb
  2860 | D:3      | Killed Ijyb
  2861 | D:3      | Reached XP level 5. HP: 7/45 MP: 7/7
  3299 | D:4      | Identified the +4 ring mail "Trusted Companion" {rC+ Str+3}
  3344 | D:4      | You fall into a shaft and drop 2 floors!
  3365 | D:5      | Entered Level 5 of the Dungeon
  3365 | D:5      | Noticed an ice beast
  3375 | D:5      | Killed an ice beast
  3376 | D:5      | Reached XP level 6. HP: 43/52 MP: 8/8
  3427 | D:5      | Found a shadowy altar of Dithmenos.
  3446 | D:5      | Found the +9 staff of Olgreb {rPois∞}
  3717 | D:4      | Reached XP level 7. HP: 50/60 MP: 9/9
  3986 | D:4      | Found Damn's Weapon Emporium.
  4168 | D:5      | Found a broken altar of Ashenzari.
  4224 | D:5      | Identified the +6 trident "Wisurar" {vorpal, *Rage rF++
                  | Int+2 Dex+2}
  4323 | D:5      | Reached skill level 5 in Fighting
  4323 | D:5      | Reached skill level 5 in Unarmed Combat
  4473 | D:5      | Found a runed translucent gate.
  4473 | D:5      | Found a runed translucent gate.
  4473 | D:5      | Noticed a redback
  4473 | D:5      | Noticed a redback
  4474 | D:5      | Found a runed translucent door.
  4485 | D:5      | Found a runed translucent gate.
  4487 | D:5      | Noticed a redback
  4495 | D:5      | Found a runed translucent door.
  4638 | D:5      | Reached skill level 1 in Polearms
  5270 | D:6      | Reached skill level 5 in Invocations
  5287 | D:6      | Reached XP level 8. HP: 70/70 MP: 10/10
  5454 | D:6      | Found an iron altar of Okawaru.
  5574 | D:6      | Found a staircase to the Ecumenical Temple.
  5971 | D:7      | Found a flagged portal.
  6171 | Bailey   | Entered a bailey
  6493 | Bailey   | Reached XP level 9. HP: 55/79 MP: 11/13
  6654 | Bailey   | Noticed an orc sorcerer
  6656 | Bailey   | Paralysed by an orc sorcerer for 3 turns
  6661 | Bailey   | Noticed a smoke demon
  6664 | Bailey   | Killed an orc sorcerer
  6885 | Bailey   | Found an iron altar of Okawaru.
  6888 | Bailey   | Noticed a kobold demonologist
  6900 | Bailey   | Killed a kobold demonologist
  6901 | Bailey   | Reached skill level 5 in Polearms
  6913 | Bailey   | Identified the +10 long sword of Bloody Death {protect,
                  | Will+}
  6961 | Bailey   | Identified the +1 pair of gloves of Isusmidghi {+Inv Str+4
                  | Int-3 Dex+2}
  7165 | Bailey   | Noticed an orc knight
  7187 | Bailey   | Killed an orc knight
  7188 | Bailey   | Reached XP level 10. HP: 85/91 MP: 15/15
  7206 | Bailey   | Acquired a manual of Shields
  7491 | D:7      | Found Eqitoss's Antique Armour Boutique.
  7495 | D:7      | Identified the amulet "Ocaucaf" {Faith Str+4 Int+2}
  7584 | D:7      | Found an ornate altar of the Wu Jian Council.
  7635 | D:7      | Identified the +1 leather armour "Ulouw" {+Blink rCorr
                  | Int-4 SInv}
  8014 | D:8      | Learned a level 4 spell: Passage of Golubria
  8096 | D:8      | Reached *** piety under Yredelemnul
  8102 | D:8      | Noticed Gastronok
  8111 | D:8      | Killed Gastronok
  8112 | D:8      | Reached **** piety under Yredelemnul
  8112 | D:8      | Reached skill level 10 in Fighting
  8376 | D:8      | Noticed a +0 spear
  8377 | D:8      | Noticed a +0 dagger
  8378 | D:8      | Noticed a +0 short sword
  8378 | D:8      | Noticed a +0 falchion
  8379 | D:8      | Noticed a +0 spear
  8379 | D:8      | Noticed a +0 dagger
  8380 | D:8      | Noticed a +0 short sword
  8381 | D:8      | Noticed a +0 falchion
  8383 | D:8      | Found a hide-covered altar of Uskayaw.
  8614 | D:8      | Reached skill level 10 in Invocations
  9243 | D:9      | Found Wupiseom's Antique Armour Shop.
  9249 | D:9      | Reached skill level 5 in Translocations
  9249 | D:9      | Reached XP level 11. HP: 99/101 MP: 17/17
  9262 | D:9      | Bought a pair of embroidered boots for 255 gold pieces
  9338 | D:9      | Found Keffom's Assorted Antiques.
  9346 | D:9      | Bought a steaming leather armour for 189 gold pieces
  9346 | D:9      | Identified the +1 leather armour "Xienoq" {*Corrode Regen+
                  | Dex+3 SInv} (You bought it in a shop on level 9 of the
                  | Dungeon)
  9677 | D:9      | Found Mytot's Distillery.
  9751 | D:9      | Bought a potion of heal wounds for 55 gold pieces
  9762 | D:9      | Found Gyuriax's Antique Armour Shop.
  9837 | D:9      | Noticed a deep elf pyromancer
  9844 | D:9      | Killed a deep elf pyromancer
 10377 | D:10     | Entered Level 10 of the Dungeon
 10600 | D:10     | Found Alyned's Distillery.
 10793 | D:10     | Found a staircase to the Lair.
 10806 | D:10     | Noticed a two-headed ogre
 10813 | D:10     | Killed a two-headed ogre
 10857 | D:10     | Noticed Josephine
 10863 | D:10     | Killed Josephine
 11124 | D:10     | Found a staircase to the Orcish Mines.
 11424 | D:11     | Noticed a cyclops
 11432 | D:11     | Killed a cyclops
 11443 | D:11     | Noticed Harold
 11455 | D:11     | Killed Harold
 11477 | D:11     | Your ally Harold died
 11481 | D:11     | Noticed Grum
 11486 | D:11     | Killed Grum
 11548 | D:11     | Found a frozen archway.
 11555 | D:11     | Reached XP level 12. HP: 76/112 MP: 18/20
 11685 | IceCv    | Entered an ice cave
 12605 | IceCv    | Noticed a reaper
 12990 | D:11     | HP: 5/113 [tyrant leech (18)]
 12993 | D:11     | Mangled by a swamp worm

Illustrated notes

Levels and vault maps discovered:
D:1:      dpeg_arrival_pits, layout_loops_ring,
          shapermc_ecumenical_altar_hornbeckon, lemuel_old_faithful
D:2:      layout_loops_ring, basic_altar, hangedman_decor_slide_cut
D:3:      layout_loops_corners, uniq_ijyb
D:4:      layout_basic, serial_shops, shop
D:5:      layout_layer_cave, nicolae_ashenzari_panopticon,
          nicolae_dithmenos_shadow_blocks, serial_glass, glass_columns_b,
          glass_columns_a, item_on_display_a, item_on_display_a,
          minmay_strange_pillars, minmay_guarded_unrand_staff_of_olgreb
D:6:      layout_loops_ring, mainiacjoe_overflow_big_doors,
          minmay_temple_entry_glassed_door
D:7:      layout_cave_pools, kennysheep_mini_moat, enter_bailey_3, serial_shops,
          shop
D:8:      layout_cave_pools, nicolae_uskayaw_en_pointe, uniq_gastronok
D:9:      layout_layer_cave, serial_shops, nicolae_shop_hallway_plus,
          nicolae_inconvenience_store, shop,
          nicolae_shop_competitors_out_of_business
D:10:     layout_long_grid, dpeg_oklobed_lair, david_orc_5, serial_shops,
          kennysheep_mini, uniq_josephine
D:11:     layout_basic, portal_ice_cave_rime, worms_lemuel, uniq_grum,
          uniq_harold

Skill      XL: |  1  2  3  4  5  6  7  8  9 10 11 |
---------------+----------------------------------+-----
Throwing       | 1 |  1.0
Armour         | 1 |  1.0
Dodging        | 2 |  2.0
Spellcasting   | 2 |  2.0
Translocations | 3 5 7 |  7.8
Invocations    | 1 2 3 4 5 6 8 10 12 | 12.4
Unarmed Combat | 3 4 5 |  5.0
Fighting       | 3 4 6 7 9 10 12 | 12.7
Polearms       | 1 3 5 6 |  6.0

Action                   |  1- 3 |  4- 6 |  7- 9 | 10-12 || total
-------------------------+-------+-------+-------+-------++-------
Melee: Unarmed           |    96 |   107 |    19 |       ||   222
       Punch             |       |     5 |       |    13 ||    18
       Trident           |       |       |   166 |   357 ||   523
Throw: Boomerang         |       |       |     5 |     5 ||    10
Evoke: Wand              |       |       |     8 |     1 ||     9
  Use: Scroll            |     5 |     4 |     4 |     7 ||    20
       Potion            |       |       |       |     3 ||     3
 Stab: Paralysed         |       |       |     7 |       ||     7
       Distracted        |       |       |       |     1 ||     1
Armor: Leather armour    |    27 |    12 |       |       ||    39
       Ring mail         |       |    26 |    75 |   154 ||   255
Dodge: Dodged            |    53 |    47 |    89 |   178 ||   367

Table legend: (Time is in decaauts)
 A = Elapsed time spent in this place.
 B = Non-inter-level travel time spent in this place.
 C = Inter-level travel time spent in this place.
 D = Time resting spent in this place.
 E = Time spent auto-exploring this place.
 F = Levels seen in this place.
 G = Mean time per level.
                   A        B        C        D        E       F      G
               +--------+--------+--------+--------+--------+-----+--------+
         Total |  15258 |  14962 |    296 |   2461 |  10038 |  13 | 1173.7 |
       Dungeon |  12972 |  12676 |    296 |   1135 |   9629 |  11 | 1179.3 |
        Bailey |   1318 |   1318 |      0 |    554 |    391 |   1 | 1318.0 |
      Ice Cave |    967 |    967 |      0 |    772 |     17 |   1 |  967.0 |
               +--------+--------+--------+--------+--------+-----+--------+

Top non-repeatable levels by time:
     D:8: 1758 daAuts
     D:5: 1695 daAuts
     D:3: 1687 daAuts
     D:9: 1610 daAuts
  Bailey: 1318 daAuts
     D:2: 1132 daAuts
    D:10: 1029 daAuts
   IceCv: 967 daAuts
     D:7: 933 daAuts
     D:4: 832 daAuts
     D:1: 799 daAuts
     D:6: 772 daAuts
    D:11: 720 daAuts
